 Dungeon Crawl Stone Soup version 0.19.5 (webtiles) character file.

67 IcySystem the Sneak (level 3, 0/16 HPs)
             Began as a Spriggan Enchanter on May 24, 2017.
             Slain by Gitz's ghost (14 damage)
             ... on level 3 of the Dungeon.
             The game lasted 00:08:02 (2203 turns).

IcySystem the Sneak (Spriggan Enchanter)            Turns: 2203, Time: 00:08:03

Health: 0/16       AC:  4    Str:  4    XL:     3   Next: 98%
Magic:  0/17       EV: 22    Int: 16    God:
Gold:   164        SH:  0    Dex: 17    Spells: 2 memorised, 3 levels left

rFire  . . .     SeeInvis +     k - +0 short sword (holy)
rCold  . . .     Gourm    .     b - +1 robe
rNeg   . . .     Faith    .     (shield restricted)
rPois  .         Spirit   +     (helmet restricted)
rElec  .         Reflect  .     i - +0 cloak
rCorr  .         Harm     .     (gloves unavailable)
MR     .....                    (boots unavailable)
Stlth  +++.......               g - amulet of guardian spirit
                                j - +4 ring of evasion
                                p - ring of magical power

@: very slightly contaminated, very quick
A: unfitting armour, see invisible, herbivore 3, speed 3, slow metabolism 2
a: no special abilities


You were on level 3 of the Dungeon.
You were not hungry.

You visited 1 branch of the dungeon, and saw 3 of its levels.

You collected 164 gold pieces.

Inventory:

Hand Weapons
 a - a +1 dagger
 k - a +0 short sword of holy wrath (weapon)
Armour
 b - a +1 robe (worn)
 i - a +0 cloak (worn)
Jewellery
 f - an uncursed ring of flight
 g - an amulet of guardian spirit (around neck)
 j - a +4 ring of evasion (right hand)
 p - a ring of magical power (left hand)
Scrolls
 e - 3 scrolls of identify {unknown}
 l - a scroll of remove curse {unknown}
 m - 2 scrolls of recharging {unknown}
 o - a scroll of enchant weapon {unknown}
 q - a scroll of enchant armour {unknown}
 t - a scroll of amnesia {unknown}
Potions
 h - a potion of degeneration {unknown}
 r - a potion of invisibility {unknown}
 s - a potion of cancellation {unknown}
Books
 c - a book of Maledictions

   Spells                             Type                      Level
   a - Corona                         Hexes                        1
   b - Ensorcelled Hibernation        Hexes/Ice                    2
   c - Confuse                        Hexes                        3
   d - Tukima's Dance                 Hexes                        3
   e - Dazzling Spray                 Conjuration/Hexes            3
 n - a book of Minor Magic

   Spells                             Type                      Level
   a - Magic Dart                     Conjuration                  1
   b - Blink                          Translocation                2
   c - Call Imp                       Summoning                    2
   d - Repel Missiles                 Charms/Air                   2
   e - Slow                           Hexes                        2
   f - Conjure Flame                  Conjuration/Fire             3
   g - Mephitic Cloud                 Conjuration/Poison/Air       3
Comestibles
 d - 2 bread rations


   Skills:
 * Level 3.1 Short Blades
 - Level 3.0 Dodging
 + Level 6.1 Stealth
 - Level 2.6 Spellcasting
 - Level 3.6 Hexes


You had 3 spell levels left.
You knew the following spells:

 Your Spells              Type           Power        Failure   Level  Hunger
a - Corona                Hex            ##.....      6%          1    #......
b - Confuse               Hex            ##......     14%         3    ###....


Dungeon Overview and Level Annotations

Branches:
Dungeon (3/15)

Altars:

Annotations:
D:3 Gitz's ghost, amateur TrFi


Innate Abilities, Weirdness & Mutations

You are very small and have problems with some larger weapons.
You are too small for most types of armour.
You have supernaturally acute eyesight. (SInv)
You are a herbivore.
You cover ground extremely quickly.
You need consume almost no food.


Message History

Aim: Gitz's ghost (severely damaged, chance to defeat MR: 32%) Gitz's ghost easily resists.
Gitz's ghost hits you but does no damage.
You hit Gitz's ghost.
Gitz's ghost convulses.
Gitz's ghost is severely damaged.
Gitz's ghost completely misses you.
You hit Gitz's ghost but do no damage.
Gitz's ghost is severely damaged.
Gitz's ghost hits you.
You barely miss Gitz's ghost.
Gitz's ghost is severely damaged.
Gitz's ghost misses you.
You hit Gitz's ghost but do no damage.
Gitz's ghost is severely damaged.
Gitz's ghost barely misses you.
You hit Gitz's ghost but do no damage.
Gitz's ghost is severely damaged.
Gitz's ghost hits you!
Ouch! That really hurt!
You die...

########
#......#
#......#
#......#
#....<.#
###......#
.#.......$#
.......@..#
......(.W....#
..............#
$.$...)..)$.....
.......###...##
.#....# .....
#.... ....#
#.... ...#


You could see Gitz's ghost.

Vanquished Creatures
  2 adders (D:2)
  A worm (D:2)
  4 dart slugs
  A leopard gecko (D:2)
  An orc (D:2)
  2 giant cockroaches
  9 goblins
  6 hobgoblins
  3 kobolds
  4 bats
  A frilled lizard (D:2)
  A rat (D:2)
35 creatures vanquished.

Notes
Turn   | Place    | Note
-------+----------+-------------------------------------------
     0 | D:1      | IcySystem the Spriggan Enchanter began the quest for the Orb.
     0 | D:1      | Reached XP level 1. HP: 9/9 MP: 5/5
   427 | D:1      | Reached XP level 2. HP: 13/13 MP: 6/6
   508 | D:1      | Reached skill level 5 in Stealth
   979 | D:2      | Reached XP level 3. HP: 16/16 MP: 8/8
  1837 | D:2      | Reached skill level 6 in Stealth
  1950 | D:3      | Noticed Gitz's ghost (amateur TrFi)
  2056 | D:2      | Learned a level 3 spell: Confuse
  2203 | D:3      | Slain by Gitz's ghost

Skill      XL: |  1  2  3 |
---------------+----------+-----
Short Blades   | 2 3 |  3.1
Stealth        | 5 6 |  6.1
Dodging        | |  3.0
Spellcasting   | |  2.6
Hexes          | |  3.6

Action                   || total
-------------------------++-------
Melee: Dagger            ||    32
       Short sword       ||   228
 Cast: Confuse           ||     4
  Use: Potion            ||     2
 Stab: Sleeping          ||     8
       Confused          ||     3
Armor: Robe              ||    30
       Skin              ||    21
Dodge: Dodged            ||   231
